 Dungeon Crawl Stone Soup version 0.31-a0-1010-g5322dac6a2 (webtiles) character file.

Game seed: 17052640747743807009

16415 Turgor the Mimic (level 12, -2/106 HPs)
             Began as a White Draconian Shapeshifter on Nov 16, 2023.
             Was a Priest of Wu Jian.
             Slain by a manticore (7 damage)
             ... summoned by Kirke
             ... on level 12 of the Dungeon.
             The game lasted 01:05:08 (14257 turns).

Turgor the Mimic (White Draconian Shapeshifter)    Turns: 14257, Time: 01:05:09

Health: -2/106     AC:  0    Str: 16    XL:     12   Next: 9%
Magic:  12/12      EV: 19    Int: 11    God:    Wu Jian [***...]
Gold:   125        SH:  0    Dex: 16    Spells: 9/11 levels left

rFire   . .          .
                       - Unarmed
rCold   . . .        (shield currently unavailable)
rNeg    . . .        (body armour unavailable)
rPois   .            K - melded +1 hat {Stlth+}
rElec   .            R - melded scarf "Esutit" {+Inv, rElec rF+++ Will+}
rCorr   .            (gloves currently unavailable)
SInv    .            P - melded +0 pair of boots
Will    .....        e - amulet of the acrobat
Stlth   +            d - melded ring of willpower
HPRegen 0.37/turn    W - melded +6 ring of dexterity
MPRegen 0.13/turn

%: acrobat
@: short of breath, pig-form, slowed, glowing
A: fast, no casting, (breathe frost), AC +8, small, unfitting armour, (cold
resistance 1), (cold-blooded)
a: Renounce Religion, Wall Jump, Serpent's Lash


You were on level 12 of the Dungeon.
You worshipped Wu Jian.
Wu Jian was most pleased with you.
You were a filthy swine.
You visited 2 branches of the dungeon, and saw 13 of its levels.

You collected 858 gold pieces.
You spent 733 gold pieces at shops.

Inventory:

Missiles
 f - 25 poisoned darts (quivered)
 y - 6 atropa-tipped darts
Armour
 K - a +1 hat of stealth (melded)
 P - a +0 pair of boots (melded)
 R - the scarf "Esutit" (melded) {+Inv, rElec rF+++ Will+}
   (You bought it in a shop on level 3 of the Dungeon)

   rF+++:     It renders you almost immune to fire.
   rElec:     It insulates you from electricity.
   Will+:     It increases your willpower.
Jewellery
 d - a ring of willpower (melded)
 e - an amulet of the acrobat (around neck)
 t - an amulet of regeneration
 x - a ring of flight
 Q - a ring of resist corrosion
 W - a +6 ring of dexterity (melded)
Talismans
 c - a flux talisman
 O - a dragon-blood talisman
 V - a maw talisman (active)
Wands
 j - a wand of polymorph (4)
 n - a wand of acid (1)
 H - a wand of flame (13)
 S - a wand of roots (3)
Scrolls
 g - a scroll of revelation
 i - a scroll of enchant armour {unknown}
 k - a scroll of fear {unknown}
 l - a scroll of immolation {unknown}
 p - 3 scrolls of enchant weapon {unknown}
 q - 3 scrolls of noise {unknown}
 r - 6 scrolls of teleportation
 w - a scroll of acquirement {unknown}
 F - 2 scrolls of amnesia {unknown}
 I - a scroll of silence {unknown}
 L - 2 scrolls of blinking {unknown}
 M - 2 scrolls of fog {unknown}
 X - a scroll of poison
Potions
 s - 3 potions of curing
 u - 2 potions of ambrosia
 v - 2 potions of mutation
 A - 2 potions of enlightenment
 B - a potion of attraction
 E - a potion of experience
 J - 2 potions of invisibility
 U - a potion of brilliance


   Skills:
 + Level 9.9 Fighting
 + Level 8.4 Dodging
 + Level 9.5 Unarmed Combat
 * Level 12.0 Shapeshifting


You had 9 spell levels left.
You knew the following spells:

 Your Spells              Type           Power      Damage    Failure   Level
a - Wereblood             Tmut           0%         N/A       47%         2

Your spell library contained the following spells:

 Spells                   Type           Power      Damage    Failure   Level
 Slow                     Hex            0%         N/A       34%         1
 Cigotuvi's Dreadful Rot  Necr/Pois/Air  0%         N/A       47%         2
 Static Discharge         Conj/Air       0%         3-3/arc   47%         2
 Sublimation of Blood     Necr           0%         N/A       47%         2
 Confusing Touch          Hex            0%         N/A       71%         3
 Dazzling Flash           Conj/Hex       0%         N/A       71%         3
 Sigil of Binding         Hex            0%         N/A       71%         3
 Vampiric Draining        Necr           0%         2d6       71%         3
 Volatile Blastmotes      Fire/Tloc      0%         2d10      71%         3
 Airstrike                Air            0%         2d(0-16)  98%         4
 Dispel Undead            Necr           0%         3d6       98%         4
 Manifold Assault         Tloc           0%         N/A       98%         4
 Petrify                  Tmut/Erth      0%         N/A       98%         4
 Summon Lightning Spire   Summ/Air       0%         N/A       98%         4
 Irradiate                Conj/Tmut      0%         3d11      100%        5
 Summon Forest            Summ/Tloc      0%         N/A       100%        5
 Summon Mana Viper        Hex/Summ       0%         N/A       100%        5
 Death Channel            Necr           0%         N/A       100%        6
 Dispersal                Tloc           0%         N/A       100%        6
 Starburst                Conj/Fire      0%         6d3       100%        6
 Summon Cactus Giant      Summ           0%         N/A       100%        6
 Summon Hydra             Summ           0%         N/A       100%        7
 Disjunction              Tloc           0%         N/A       100%        8
 Maxwell's Capacitive Co  Air            0%         ∞         100%        8


Dungeon Overview and Level Annotations

Branches:
Dungeon (12/15)            Temple (1/1) D:4            Lair (0/5) D:11
    Orc (0/2) D:11

Altars:
Ashenzari
Cheibriados
Dithmenos
Elyvilon
Fedhas
Gozag
Hepliaklqana
Kikubaaqudgha
Makhleb
Nemelex Xobeh
Okawaru
Qazlal
Ru
Sif Muna
Trog
Uskayaw
Vehumet
Wu Jian
Xom
Yredelemnul
Zin
The Shining One

Shops:
D:1 !   D:2 (   D:3 (?[:   D:8 *   D:11 ([

Annotations:
D:7 1 runed translucent door, Crazy Yiuf
D:12 3 runed translucent doors, Kirke


Innate Abilities, Weirdness & Mutations

You are a filthy swine.
You move quickly.
Your equipment is almost entirely melded.
You are incapable of wielding weapons or throwing items.
You cannot cast spells.
((You can breathe waves of freezing cold which knock back foes.))
((Your icy white scales are hard. (AC +8)))
You cannot fit into any form of body armour.
((Your flesh is cold resistant. (rC+)))
((You are cold-blooded and may be slowed by cold attacks.))


Message History

The hog is heavily wounded.
The lindwurm completely misses you. The lindwurm closely misses you.
The lindwurm barely misses you. Kirke hits you with a +0 short sword!!
Unknown command.
Unknown command.
Unknown command.
Unknown command.
You closely miss Kirke.
Kirke is almost dead.
Unknown command.
You barely miss Kirke.
Kirke is almost dead.
The lindwurm bites you! The lindwurm completely misses you.
The lindwurm barely misses you. Kirke gestures at you while chanting.
You feel yourself slow down.
Unknown command.
You closely miss Kirke.
Kirke is almost dead.
The lindwurm bites you!! The lindwurm barely misses you.
The lindwurm misses you. Kirke barely misses you.
Unknown command.
You closely miss Kirke.
Kirke is almost dead.
The lindwurm breathes flames at you. The blast of flame misses you.
Kirke says, "Can we stop fighting?
I have some good wine for you..."
Kirke mumbles some strange words.
Kirke summons a manticore!
You hit Kirke.
Kirke is almost dead.
The boulder beetle leaps!
The lindwurm bites you! The lindwurm claws you. The lindwurm claws you!
* * * LOW HITPOINT WARNING * * *
Kirke hits you with a +0 short sword!
* * * LOW HITPOINT WARNING * * *
The manticore barely misses you. The manticore claws you.
* * * LOW HITPOINT WARNING * * *
The manticore claws you!
You die...

.....h.y. #..#.#.#.#.#.# ######.
.....S...h#..#.#.###.#.# #...<'.
(E..[....Q+....#...#.#.####.####.
.S.y.#....###.#.###....# #.
.....#....#...#...#.#### #. ....
####.#.#####^'.# #. ...8
#..#.......### ## ..#
##'######### #.kh######
###H@h.B(# ######'# ... ....'
...B#.# ....# + ....# #####


You could see Kirke (invisible, corroded), a boulder beetle (corroded), a
manticore (summoned), a lindwurm (summoned, catching breath) and a hog
(corroded).

Vanquished Creatures
  Gastronok (D:9)
  Harold (D:9)
  Erolcha (D:9)
  A two-headed ogre (D:11)
  2 manticores
  5 cyclopes
  Joseph (D:9)
  A gargoyle (D:12)
  2 unseen horrors (D:12)
  Maggie (D:7)
  3 trolls
  Grinder (D:4)
  Sigmund (D:6)
  2 wraiths
  2 wyverns
  2 basilisks (D:10)
  3 hogs (D:12)
  15 yaks
  2 steam dragons (D:10)
  3 acid dragons
  11 orc warriors
  3 ice beasts
  6 sky beasts
  An ogre (D:5)
  5 centaurs
  A phantom (D:6)
  A kobold brigand (D:9)
  2 bullfrogs (D:8)
  3 scorpions
  8 wights
  5 howler monkeys (D:9)
  2 electric eels (D:8)
  A jelly (D:8)
  4 hounds
  11 orc priests
  A gnoll bouda (D:8)
  6 iguanas
  11 orc wizards
  14 gnolls
  3 adders
  A shadow imp (D:5)
  A white imp (D:7)
  2 ufetubi (D:7)
  A worm (D:4)
  3 dart slugs
  43 orcs
  7 endoplasms
  7 hobgoblins
  5 jackals
  8 kobolds
  4 quokkas
  4 ball pythons
  3 bats
  2 frilled lizards
  2 goblins (D:1)
  2 rats
244 creatures vanquished.

Notes
Turn   | Place    | Note
-------+----------+-------------------------------------------
     0 | D:1      | Turgor the Draconian Shapeshifter began the quest for the
                  | Orb.
     0 | D:1      | Reached XP level 1. HP: 16/16 MP: 1/1
   123 | D:1      | Found Elu Febb's Distillery.
   170 | D:1      | Reached XP level 2. HP: 23/23 MP: 2/2
   614 | D:2      | Reached XP level 3. HP: 28/29 MP: 3/3
   642 | D:2      | Found a blossoming altar of Fedhas.
  1144 | D:2      | Found Garian's Weapon Shoppe.
  1442 | D:1      | Bought a potion of heal wounds for 55 gold pieces
  1533 | D:3      | Found Moinit's Antique Armour Shoppe.
  1553 | D:3      | Found Rinep's Book Shoppe.
  1580 | D:3      | Reached XP level 4. HP: 28/36 MP: 4/4
  1742 | D:3      | Found Huwn's Antique Weapon Shoppe.
  1778 | D:3      | Found Homyon's Magic Scroll Shop.
  1828 | D:3      | Found a glowing golden altar of the Shining One.
  1828 | D:3      | Found a white marble altar of Elyvilon.
  1828 | D:3      | Found a glowing silver altar of Zin.
  1891 | D:3      | Found a shadowy altar of Dithmenos.
  2008 | D:3      | Reached skill level 4 in Shapeshifting
  2218 | D:1      | Bought a potion of enlightenment for 55 gold pieces
  2218 | D:1      | Bought a potion of attraction for 33 gold pieces
  2362 | D:3      | Reached XP level 5. HP: 30/42 MP: 5/5
  2472 | D:4      | Found a staircase to the Ecumenical Temple.
  2481 | Temple   | Entered the Ecumenical Temple
  2505 | Temple   | Became a worshipper of the Wu Jian Council
  2875 | D:4      | Noticed Grinder
  2890 | D:4      | Killed Grinder
  2891 | D:4      | Reached skill level 5 in Shapeshifting
  2891 | D:4      | Reached XP level 6. HP: 31/51 MP: 6/6
  3111 | D:5      | Entered Level 5 of the Dungeon
  3132 | D:5      | Found a hide-covered altar of Uskayaw.
  3242 | D:5      | Noticed an ice beast
  3284 | D:5      | Your scales start taking on an icy white colour.
  3284 | D:5      | Reached XP level 7. HP: 55/57 MP: 7/7
  3284 | D:5      | Gained mutation: Your flesh is cold resistant. (rC+) [White
                  | Draconian growth]
  3608 | D:5      | Identified the +1 robe "Biets" {Int+2}
  3707 | D:5      | Reached * piety under Wu Jian
  4054 | D:5      | Reached skill level 5 in Unarmed Combat
  4119 | D:6      | Reached skill level 6 in Shapeshifting
  4289 | D:6      | Reached XP level 8. HP: 64/67 MP: 8/8
  4745 | D:6      | Reached skill level 5 in Fighting
  4910 | D:6      | Noticed Sigmund
  4915 | D:6      | Killed Sigmund
  4916 | D:6      | Reached skill level 7 in Shapeshifting
  5188 | D:1      | Bought a potion of ambrosia for 88 gold pieces
  5253 | D:3      | Bought a scroll of poison for 56 gold pieces
  5253 | D:3      | Bought 2 scrolls of teleportation for 84 gold pieces
  5253 | D:3      | Bought a scroll of identify for 28 gold pieces
  5253 | D:3      | Bought a scroll of identify for 28 gold pieces
  5429 | D:7      | Reached skill level 5 in Dodging
  5637 | D:7      | Reached XP level 9. HP: 23/75 MP: 9/9
  5755 | D:7      | Noticed Maggie
  6482 | D:8      | Found a transporter.
  6579 | D:8      | Found Kapsuoho's Assorted Antiques.
  6593 | D:8      | Found a blossoming altar of Fedhas.
  6601 | D:8      | Found an opulent altar of Gozag.
  6927 | D:8      | Found a transporter.
  6975 | D:8      | Reached skill level 8 in Shapeshifting
  7031 | D:8      | Learned a level 2 spell: Wereblood
  7308 | D:9      | Noticed Joseph
  7320 | D:9      | Noticed Harold
  7323 | D:9      | Found a basalt altar of Yredelemnul.
  7788 | D:9      | Killed Joseph
  7829 | D:9      | Noticed Gastronok
  7844 | D:9      | Killed Gastronok
  7845 | D:9      | Reached skill level 9 in Shapeshifting
  7845 | D:9      | Reached XP level 10. HP: 63/86 MP: 10/10
  8197 | D:9      | Found a shimmering altar of Xom.
  8314 | D:9      | Noticed Erolcha
  8319 | D:10     | Entered Level 10 of the Dungeon
  8623 | D:10     | HP: 4/88 [orc/+0 war axe (7)]
  9012 | D:9      | Reached ** piety under Wu Jian
  9013 | D:9      | Reached skill level 10 in Shapeshifting
  9395 | D:9      | Killed Erolcha
  9546 | D:10     | Reached XP level 11. HP: 72/95 MP: 11/11
 10524 | D:3      | Bought a fading scarf for 250 gold pieces
 10524 | D:3      | Identified the scarf "Esutit" {+Inv, rElec rF+++ Will+}
                  | (You bought it in a shop on level 3 of the Dungeon)
 11185 | D:7      | Found a runed translucent door.
 11186 | D:7      | Noticed Crazy Yiuf
 11246 | D:7      | Killed Maggie
 11892 | D:3      | Bought a scroll of identify for 28 gold pieces
 11892 | D:3      | Bought a scroll of identify for 28 gold pieces
 12205 | D:9      | Killed Harold
 12206 | D:9      | Reached skill level 11 in Shapeshifting
 12595 | D:11     | Noticed a two-headed ogre
 12603 | D:11     | Killed a two-headed ogre
 13055 | D:11     | Found Teczas's Armour Emporium.
 13055 | D:11     | Found a staircase to the Orcish Mines.
 13055 | D:11     | Found Maaniduih's Weapon Emporium.
 13136 | D:11     | Found a staircase to the Lair.
 13754 | D:12     | Found a runed translucent door.
 13757 | D:12     | Noticed a spark wasp
 13781 | D:12     | Found a runed translucent door.
 13781 | D:12     | Noticed a shock serpent
 13781 | D:12     | Noticed a storm dragon
 13781 | D:12     | Found the +5 Storm Queen's Shield {shock, Fly rElec}
 13811 | D:12     | Reached *** piety under Wu Jian
 13812 | D:12     | Reached XP level 12. HP: 67/106 MP: 12/12
 13813 | D:12     | Noticed Kirke
 13982 | D:12     | Reached skill level 12 in Shapeshifting
 14218 | D:12     | Found a runed translucent door.
 14220 | D:12     | Noticed a spark wasp
 14223 | D:12     | Noticed a spark wasp
 14234 | D:12     | Noticed a boulder beetle
 14257 | D:12     | HP: 5/106 [manticore[Kirke] (4)]
 14257 | D:12     | Slain by a manticore

Illustrated notes

Levels and vault maps discovered:
D:1:      nicolae_arrival_memento_mori, layout_rooms, serial_shops, shop
D:2:      layout_basic, serial_shops, shop, basic_altar
D:3:      layout_basic, dreamdust_divine_triumvirate, grunt_dithmenos_smoke,
          serial_shops, shop_fountains, shop, shop, nicolae_book_shop_shelving
D:4:      layout_basic, minmay_temple_entry_tees, uniq_grinder
D:5:      layout_gridville, eat_drink_and_be_merry_uskayaw
D:6:      layout_loops_ring, minmay_statues_item, uniq_sigmund
D:7:      layout_cave_pods, uniq_maggie, uniq_crazy_yiuf_cottage
D:8:      gammafunk_beogh_shrine, layout_basic,
          mainiacjoe_overflow_large_starburst, serial_shops,
          nicolae_shop_real_fake_doors, kennysheep_small_spiral
D:9:      layout_basic, yredelemnul_altar_generic,
          mainiacjoe_overflow_six_doors_small, dreamdust_mushroom_princess,
          uniq_erolcha, uniq_harold, uniq_gastronok, uniq_joseph
D:10:     layout_grid_maze, hangedman_misty_isle
D:11:     layout_rooms, lair_entry_dummy, orc_david_3
D:12:     layout_roguey, nicolae_guarded_unrand_storm_shield, uniq_kirke
Temple:   nicolae_temple_bog_church

Skill      XL: |  1  2  3  4  5  6  7  8  9 10 11 12 |
---------------+-------------------------------------+-----
Dodging        | 2 3 4 5 6 7 8 |  8.4
Fighting       | 2 3 4 5 7 8 9 |  9.9
Shapeshifting  | 4 5 6 7 9 10 11 12 | 12.0
Unarmed Combat | 4 5 6 7 8 9 |  9.5

Action                     |  1- 3 |  4- 6 |  7- 9 | 10-12 || total
---------------------------+-------+-------+-------+-------++-------
  Melee: Unarmed           |   116 |    93 |   298 |   460 ||   967
         Tailslap          |    14 |    17 |    61 |   106 ||   198
         Punch             |     3 |     1 |    10 |     6 ||    20
         Maw               |       |       |       |    19 ||    19
  Throw: Dart              |       |    16 |    15 |     6 ||    37
Ability: Lunge             |       |     5 |    13 |    21 ||    39
         Breathe Frost     |       |       |     4 |     9 ||    13
         Whirlwind         |       |       |     6 |    31 ||    37
  Evoke: Wand              |       |     5 |    14 |    24 ||    43
    Use: Scroll            |     2 |       |     6 |     3 ||    11
         Potion            |       |       |     5 |     2 ||     7
   Stab: Paralysed         |       |     6 |     4 |       ||    10
         Sleeping          |       |     1 |     1 |       ||     2
 Armour: Skin              |    45 |    30 |   170 |   252 ||   497
  Dodge: Dodged            |    73 |    49 |   144 |   287 ||   553
   Form: Flux              |       |       |     1 |       ||     1
         Maw               |       |       |       |     1 ||     1

Table legend: (Time is in decaauts)
 A = Elapsed time spent in this place.
 B = Non-inter-level travel time spent in this place.
 C = Inter-level travel time spent in this place.
 D = Time resting spent in this place.
 E = Time spent auto-exploring this place.
 F = Levels seen in this place.
 G = Mean time per level.
                   A        B        C        D        E       F      G
               +--------+--------+--------+--------+--------+-----+--------+
         Total |  14212 |  12112 |   2100 |   1746 |   7358 |  13 | 1093.2 |
       Dungeon |  14165 |  12088 |   2077 |   1746 |   7358 |  12 | 1180.4 |
        Temple |     47 |     24 |     23 |      0 |      0 |   1 |   47.0 |
               +--------+--------+--------+--------+--------+-----+--------+

Top non-repeatable levels by time:
    D:10: 2498 daAuts
     D:9: 1694 daAuts
     D:8: 1583 daAuts
     D:7: 1395 daAuts
     D:5: 1281 daAuts
     D:3: 1081 daAuts
     D:6: 906 daAuts
     D:2: 877 daAuts
     D:4: 839 daAuts
    D:11: 743 daAuts
     D:1: 682 daAuts
    D:12: 580 daAuts
  Temple: 47 daAuts
